| TOP OF THE 1ST |
|
Kannapolis Intimidators batting - Pitching for Burlington Bees : RHP Eddie Garabito
|
|
Pitching: RHP Eddie Garabito
|
|
|
Batting: RHB Sean Peake
|
0-0: Ball 1-0: Ball 2-0: Ball 3-0: Called Strike 3-1: Called Strike 3-2: Foul Ball, location: 2F 3-2: Base on Balls
|
|
Batting: RHB Mike Warzecha
|
0-0: Ball 1-0: Foul Ball, location: 2F 1-1: Ball 2-1: Fly out, F7 (Flyball, 78M, EV 88.8 MPH)
|
|
Batting: RHB Mark Jones
|
0-0: Ball 1-0: Fly out, F9 (Flyball, 89D, EV 95.0 MPH)
|
|
Batting: LHB Herkko Haavikko
|
0-0: Called Strike 0-1: Ball 1-1: Ball 2-1: Ball 3-1: Swinging Strike 3-2: Base on Balls Sean Peake to second
|
|
Batting: RHB Nick Kleckner
|
0-0: Ball 1-0: Ball 2-0: Swinging Strike 2-1: Foul Ball, location: 2F 2-2: Ball 3-2: Foul Ball, location: 2F 3-2: Strikes out looking
|
| Top of the 1st over - 0 runs, 0 hits, 0 errors, 2 left on base; Kannapolis 0 - Burlington 0 |
| BOTTOM OF THE 1ST |
|
Burlington Bees batting - Pitching for Kannapolis Intimidators : RHP Tony Holley
|
|
Pitching: RHP Tony Holley
|
|
|
Batting: RHB Joe Hewitt
|
0-0: Called Strike 0-1: Foul Ball, location: 2F 0-2: Ball 1-2: Ground out 4-3 (Groundball, 4M, EV 100.0 MPH)
|
|
Batting: RHB T.J. Gray
|
0-0: Ball 1-0: Foul Ball, location: 2F 1-1: Called Strike 1-2: Strikes out swinging
|
|
Batting: LHB Dave Hicks
|
0-0: Swinging Strike 0-1: Ball 1-1: Swinging Strike 1-2: Strikes out swinging
|
| Bottom of the 1st over - 0 runs, 0 hits, 0 errors, 0 left on base; Kannapolis 0 - Burlington 0 |
| TOP OF THE 2ND |
|
Kannapolis Intimidators batting - Pitching for Burlington Bees : RHP Eddie Garabito
|
|
Batting: RHB Armando Vazquez
|
0-0: Called Strike 0-1: Ground out 6-3 (Groundball, 6, EV 101.2 MPH)
|
|
Batting: RHB Tatsunori Hayakawa
|
0-0: Called Strike 0-1: Swinging Strike 0-2: Ball 1-2: Ball 2-2: Strikes out swinging
|
|
Batting: RHB Jose Marquez
|
0-0: Ball 1-0: Ball 2-0: Called Strike 2-1: Ground out 5-3 (Groundball, 56, EV 88.1 MPH)
|
| Top of the 2nd over - 0 runs, 0 hits, 0 errors, 0 left on base; Kannapolis 0 - Burlington 0 |
| BOTTOM OF THE 2ND |
|
Burlington Bees batting - Pitching for Kannapolis Intimidators : RHP Tony Holley
|
|
Batting: LHB Spencer Palmer
|
0-0: Ball 1-0: Ball 2-0: Called Strike 2-1: Ball 3-1: Fly out, F7 (Flyball, 7D, EV 97.5 MPH)
|
|
Batting: LHB Alberto Carrillo
|
0-0: Ball 1-0: Ball 2-0: Called Strike 2-1: Foul Ball, location: 2F 2-2: Fly out, F9 (Line Drive, 9LM, EV 86.9 MPH)
|
|
Batting: RHB Peter Westover
|
0-0: Ball 1-0: Swinging Strike 1-1: Called Strike 1-2: Ground out 6-3 (Groundball, 6S, EV 75.6 MPH)
|
| Bottom of the 2nd over - 0 runs, 0 hits, 0 errors, 0 left on base; Kannapolis 0 - Burlington 0 |
| TOP OF THE 3RD |
|
Kannapolis Intimidators batting - Pitching for Burlington Bees : RHP Eddie Garabito
|
|
Batting: RHB Dunlang Clark
|
0-0: SINGLE (Groundball, 34D, EV 106.2 MPH)
|
|
Batting: RHB Sean Peake
|
0-0: Called Strike Dunlang Clark is caught stealing 2nd base 2-4 0-1: Foul Ball, location: 2F 0-2: SINGLE (Groundball, 56, EV 104.4 MPH) (infield hit)
|
|
Batting: RHB Mike Warzecha
|
0-0: Called Strike 0-1: Called Strike 0-2: Foul Ball, location: 2F 0-2: Foul Ball, location: 2F 0-2: Strikes out looking
|
|
Batting: RHB Mark Jones
|
0-0: Ball 1-0: Foul Ball, location: 2F 1-1: Ball 2-1: Foul Ball, location: 2F 2-2: Strikes out looking
|
| Top of the 3rd over - 0 runs, 2 hits, 0 errors, 1 left on base; Kannapolis 0 - Burlington 0 |
| BOTTOM OF THE 3RD |
|
Burlington Bees batting - Pitching for Kannapolis Intimidators : RHP Tony Holley
|
|
Batting: RHB Rory Cobb
|
0-0: Ball 1-0: Ball 2-0: Foul Ball, location: 2F 2-1: Foul Ball, location: 2F 2-2: Strikes out looking
|
|
Batting: RHB Dan Burkhart
|
0-0: Called Strike 0-1: Foul Ball, location: 2F 0-2: Ball 1-2: DOUBLE (Flyball, 89XD, EV 110.0 MPH)
|
|
Batting: RHB Phil Knox
|
0-0: Ball 1-0: 2-RUN HOME RUN (Flyball, 78XD, EV 108.1 MPH), Distance : 415 ft
|
|
Batting: RHB Joe Hewitt
|
0-0: Ball 1-0: Ground out 6-3 (Groundball, 6MS, EV 82.5 MPH)
|
|
Batting: RHB T.J. Gray
|
0-0: Called Strike 0-1: Fly out, F8 (Line Drive, 8LM, EV 90.6 MPH)
|
| Bottom of the 3rd over - 2 runs, 2 hits, 0 errors, 0 left on base; Kannapolis 0 - Burlington 2 |
| TOP OF THE 4TH |
|
Kannapolis Intimidators batting - Pitching for Burlington Bees : RHP Eddie Garabito
|
|
Batting: LHB Herkko Haavikko
|
0-0: Ball 1-0: Fly out, F8 (Flyball, 8RXD, EV 102.5 MPH)
|
|
Batting: RHB Nick Kleckner
|
0-0: Foul Ball, location: 2F 0-1: Ball 1-1: SOLO HOME RUN (Flyball, 7D, EV 99.4 MPH), Distance : 409 ft
|
|
Batting: RHB Armando Vazquez
|
0-0: Called Strike 0-1: Foul Ball, location: 2F 0-2: Ground out U3 (Groundball, 13, EV 85.0 MPH)
|
|
Batting: RHB Tatsunori Hayakawa
|
0-0: Foul Ball, location: 2F 0-1: Foul Ball, location: 2F 0-2: Ball 1-2: Ball 2-2: Strikes out looking
|
| Top of the 4th over - 1 run, 1 hit, 0 errors, 0 left on base; Kannapolis 1 - Burlington 2 |
| BOTTOM OF THE 4TH |
|
Burlington Bees batting - Pitching for Kannapolis Intimidators : RHP Tony Holley
|
|
Batting: LHB Dave Hicks
|
0-0: Ball 1-0: Fly out, F9 (Flyball, 9D, EV 83.1 MPH)
|
|
Batting: LHB Spencer Palmer
|
0-0: Ball 1-0: Foul Ball, location: 2F 1-1: Ball 2-1: Foul Ball, location: 2F 2-2: Fly out, F4 (Line Drive, 4, EV 72.5 MPH)
|
|
Batting: LHB Alberto Carrillo
|
0-0: Called Strike 0-1: Called Strike 0-2: Strikes out swinging
|
| Bottom of the 4th over - 0 runs, 0 hits, 0 errors, 0 left on base; Kannapolis 1 - Burlington 2 |
| TOP OF THE 5TH |
|
Kannapolis Intimidators batting - Pitching for Burlington Bees : RHP Eddie Garabito
|
|
Batting: RHB Jose Marquez
|
0-0: Ball 1-0: Foul Ball, location: 2F 1-1: Foul Ball, location: 2F 1-2: Ground out 5-3 (Groundball, 56, EV 87.5 MPH)
|
|
Batting: RHB Dunlang Clark
|
0-0: Ball 1-0: Called Strike 1-1: Ball 2-1: Ball 3-1: Foul Ball, location: 2F 3-2: Base on Balls
|
|
Batting: RHB Sean Peake
|
0-0: Ball Dunlang Clark steals 2nd base 1-0: Fly out, F8 (Flyball, 89D, EV 95.0 MPH)
|
|
Batting: RHB Mike Warzecha
|
0-0: Ball 1-0: Ball 2-0: Foul Ball, location: 2F 2-1: Ground out 6-3 (Groundball, 6S, EV 88.8 MPH)
|
| Top of the 5th over - 0 runs, 0 hits, 0 errors, 1 left on base; Kannapolis 1 - Burlington 2 |
| BOTTOM OF THE 5TH |
|
Burlington Bees batting - Pitching for Kannapolis Intimidators : RHP Tony Holley
|
|
Batting: RHB Peter Westover
|
0-0: Ball 1-0: Foul Ball, location: 2F 1-1: Fly out, F8 (Flyball, 8LM, EV 92.5 MPH)
|
|
Batting: RHB Rory Cobb
|
0-0: Ball 1-0: Called Strike 1-1: Ball 2-1: Called Strike 2-2: Strikes out swinging
|
|
Batting: RHB Dan Burkhart
|
0-0: Foul Ball, location: 2F 0-1: Foul Ball, location: 2F 0-2: Foul Ball, location: 2F 0-2: Ball 1-2: Ball 2-2: DOUBLE (Line Drive, 3D, EV 100.0 MPH)
|
|
Batting: RHB Phil Knox
|
0-0: Ball 1-0: Fly out, F3 (Line Drive, 34, EV 65.6 MPH)
|
| Bottom of the 5th over - 0 runs, 1 hit, 0 errors, 1 left on base; Kannapolis 1 - Burlington 2 |
| TOP OF THE 6TH |
|
Kannapolis Intimidators batting - Pitching for Burlington Bees : RHP Eddie Garabito
|
|
Batting: RHB Mark Jones
|
0-0: Ball 1-0: Foul Ball, location: 2F 1-1: Ground out 5-3 (Groundball, 5S, EV 70.6 MPH)
|
|
Batting: LHB Herkko Haavikko
|
0-0: Called Strike 0-1: Swinging Strike 0-2: Strikes out swinging
|
|
Batting: RHB Nick Kleckner
|
0-0: Ball 1-0: Ball 2-0: Ball 3-0: Called Strike 3-1: SINGLE (Line Drive, 9S, EV 100.6 MPH)
|
|
Pitching: RHP Simon Vogel
|
|
|
Batting: RHB Armando Vazquez
|
0-0: Ball 1-0: Called Strike 1-1: Ball 2-1: Fielders Choice at 2nd, 6-4 (Groundball, 6, EV 81.9 MPH)
|
| Top of the 6th over - 0 runs, 1 hit, 0 errors, 1 left on base; Kannapolis 1 - Burlington 2 |
| BOTTOM OF THE 6TH |
|
Burlington Bees batting - Pitching for Kannapolis Intimidators : RHP Tony Holley
|
|
Batting: RHB Joe Hewitt
|
0-0: Ball 1-0: Ground out 5-3 (Groundball, 56, EV 107.5 MPH)
|
|
Batting: RHB T.J. Gray
|
0-0: Swinging Strike 0-1: Ball 1-1: Swinging Strike 1-2: Foul Ball, location: 2F 1-2: Ball 2-2: Fly out, F1 (Line Drive, P, EV 70.0 MPH)
|
|
Batting: LHB Dave Hicks
|
0-0: Ball 1-0: Ball 2-0: Called Strike 2-1: Called Strike 2-2: Ball 3-2: Ground out 4-3 (Groundball, 4, EV 93.8 MPH)
|
| Bottom of the 6th over - 0 runs, 0 hits, 0 errors, 0 left on base; Kannapolis 1 - Burlington 2 |
| TOP OF THE 7TH |
|
Kannapolis Intimidators batting - Pitching for Burlington Bees : RHP Simon Vogel
|
|
Batting: RHB Tatsunori Hayakawa
|
0-0: Called Strike 0-1: Ball 1-1: Ball 2-1: Ball 3-1: Foul Ball, location: 2F 3-2: Foul Ball, location: 2F 3-2: Base on Balls
|
|
Pinch Hitting: LHB James Groshong
|
0-0: Grounds into double play, 4-6-3 (Groundball, 4, EV 81.9 MPH)
|
|
Batting: RHB Dunlang Clark
|
0-0: Ball 1-0: Called Strike 1-1: Ball 2-1: Ball 3-1: Base on Balls
|
|
Batting: RHB Sean Peake
|
0-0: Called Strike Dunlang Clark steals 2nd base 0-1: SINGLE (Flyball, 34D, EV 89.4 MPH) Dunlang Clark to third Runner from 3rd tries for Home, SAFE, throw by RF to home
|
|
Batting: RHB Mike Warzecha
|
0-0: Called Strike 0-1: Called Strike Sean Peake steals 2nd base 0-2: Ball 1-2: Foul Ball, location: 2F 1-2: Ball 2-2: Fly out, F4 (Popup, 4, EV 80.0 MPH)
|
| Top of the 7th over - 1 run, 1 hit, 0 errors, 1 left on base; Kannapolis 2 - Burlington 2 |
| BOTTOM OF THE 7TH |
|
Burlington Bees batting - Pitching for Kannapolis Intimidators : RHP Tony Holley
|
|
Pitching: RHP Dicky Goedhart
|
|
|
Now at SS: Santos Guadalupe
|
|
|
Batting: LHB Spencer Palmer
|
0-0: Ball 1-0: Ball 2-0: Swinging Strike 2-1: Foul Ball, location: 2F 2-2: Ball 3-2: Foul Ball, location: 2F 3-2: Ground out 4-3 (Groundball, 4M, EV 105.0 MPH)
|
|
Batting: LHB Alberto Carrillo
|
0-0: Ball 1-0: Called Strike 1-1: Called Strike 1-2: Strikes out swinging
|
|
Batting: RHB Peter Westover
|
0-0: Foul Ball, location: 2F 0-1: Ball 1-1: Foul Ball, location: 2F 1-2: Fly out, F8 (Flyball, 89S, EV 95.6 MPH)
|
| Bottom of the 7th over - 0 runs, 0 hits, 0 errors, 0 left on base; Kannapolis 2 - Burlington 2 |
| TOP OF THE 8TH |
|
Kannapolis Intimidators batting - Pitching for Burlington Bees : RHP Simon Vogel
|
|
Pitching: RHP Manuel Vega
|
|
|
Batting: RHB Mark Jones
|
0-0: Ball 1-0: Ball 2-0: Ball 3-0: Foul Ball, location: 2F 3-1: Ground out 5-3 (Groundball, 56, EV 84.4 MPH)
|
|
Batting: LHB Herkko Haavikko
|
0-0: Swinging Strike 0-1: Called Strike 0-2: Strikes out swinging
|
|
Batting: RHB Nick Kleckner
|
0-0: Called Strike 0-1: Ball 1-1: Ball 2-1: Ball 3-1: Fly out, F7 (Flyball, 7LMF, EV 95.0 MPH)
|
| Top of the 8th over - 0 runs, 0 hits, 0 errors, 0 left on base; Kannapolis 2 - Burlington 2 |
| BOTTOM OF THE 8TH |
|
Burlington Bees batting - Pitching for Kannapolis Intimidators : RHP Dicky Goedhart
|
|
Batting: RHB Rory Cobb
|
0-0: SINGLE (Groundball, 4, EV 95.6 MPH)
|
|
Batting: RHB Dan Burkhart
|
0-0: Called Strike 0-1: Ball 1-1: Fielders Choice at 2nd, 3-6 (Groundball, 3S, EV 86.2 MPH)
|
|
Pinch Hitting: SHB Danny Gelinas
|
0-0: Ball 1-0: Ball Dan Burkhart steals 2nd base 2-0: Intentional Walk
|
|
Batting: RHB Joe Hewitt
|
0-0: Foul Ball, location: 2F 0-1: Grounds into double play, 6-4-3 (Groundball, 6, EV 88.8 MPH)
|
| Bottom of the 8th over - 0 runs, 1 hit, 0 errors, 1 left on base; Kannapolis 2 - Burlington 2 |
| TOP OF THE 9TH |
|
Kannapolis Intimidators batting - Pitching for Burlington Bees : RHP Manuel Vega
|
|
Pitching: RHP Jose Alvarado
|
|
|
Now at 3B: Danny Gelinas
|
|
|
Pinch Hitting: SHB Ethan Villalobos
|
0-0: Fly out, F9 (Line Drive, 9, EV 92.5 MPH)
|
|
Batting: RHB Tatsunori Hayakawa
|
0-0: Ball 1-0: Ball 2-0: Called Strike 2-1: Ball 3-1: Swinging Strike 3-2: Fly out, F8 (Flyball, 89M, EV 76.2 MPH)
|
|
Pinch Hitting: RHB Duncan Collins
|
0-0: Called Strike 0-1: Ball 1-1: Called Strike 1-2: Foul Ball, location: 2F 1-2: Foul Ball, location: 2F 1-2: Strikes out looking
|
| Top of the 9th over - 0 runs, 0 hits, 0 errors, 0 left on base; Kannapolis 2 - Burlington 2 |
| BOTTOM OF THE 9TH |
|
Burlington Bees batting - Pitching for Kannapolis Intimidators : RHP Dicky Goedhart
|
|
Pitching: RHP Nate Myers
|
|
|
Now at SS: Luwen Storm
|
|
|
Now in RF: Duncan Collins
|
|
|
Batting: RHB T.J. Gray
|
0-0: Called Strike 0-1: Ground out 6-3 (Groundball, 6D, EV 86.2 MPH)
|
|
Batting: LHB Dave Hicks
|
0-0: Ball 1-0: Ball 2-0: DOUBLE (Flyball, 8LXD, EV 96.2 MPH)
|
|
Batting: LHB Spencer Palmer
|
0-0: Called Strike 0-1: Foul Ball, location: 2F 0-2: Ball 1-2: Strikes out swinging
|
|
Batting: LHB Alberto Carrillo
|
0-0: Called Strike 0-1: Fly out, F7 (Flyball, 78S, EV 92.5 MPH)
|
| Bottom of the 9th over - 0 runs, 1 hit, 0 errors, 1 left on base; Kannapolis 2 - Burlington 2 |
| TOP OF THE 10TH |
|
Kannapolis Intimidators batting - Pitching for Burlington Bees : RHP Jose Alvarado
|
|
Batting: RHB Dunlang Clark
|
0-0: Called Strike 0-1: Called Strike 0-2: Ground out 3-1 (Groundball, 34S, EV 85.0 MPH)
|
|
Batting: RHB Sean Peake
|
0-0: Called Strike 0-1: Ball 1-1: Foul Ball, location: 2F 1-2: Ball 2-2: DOUBLE (Groundball, 5L, EV 97.5 MPH)
|
|
Batting: RHB Mike Warzecha
|
0-0: Foul Ball, location: 2F 0-1: Fly out, F7 (Flyball, 7D, EV 100.0 MPH) Runner from 2nd tags up, SAFE at 3rd with throw by LF
|
|
Batting: RHB Mark Jones
|
0-0: Foul Ball, location: 2F 0-1: Ball 1-1: Foul Ball, location: 2F 1-2: Reached on error, E4 (Groundball, 4S, EV 88.1 MPH) Sean Peake scores
|
|
Pitching: LHP Paul Griffin
|
|
|
Pinch Hitting: SHB Jose Castillo
|
0-0: Ball 1-0: Foul Ball, location: 2F 1-1: Called Strike 1-2: Strikes out swinging
|
| Top of the 10th over - 1 run, 1 hit, 1 error, 1 left on base; Kannapolis 3 - Burlington 2 |
| BOTTOM OF THE 10TH |
|
Burlington Bees batting - Pitching for Kannapolis Intimidators : RHP Nate Myers
|
|
Now at 1B: Jose Castillo
|
|
|
Now in LF: Kyle Morse
|
|
|
Batting: RHB Peter Westover
|
0-0: Ball 1-0: Ball 2-0: Ball 3-0: Called Strike 3-1: Ground out 4-3 (Groundball, P, EV 83.8 MPH)
|
|
Batting: RHB Rory Cobb
|
0-0: Called Strike 0-1: Ball 1-1: Ball 2-1: Foul Ball, location: 2F 2-2: Strikes out swinging
|
|
Batting: RHB Dan Burkhart
|
0-0: Ball 1-0: Ball 2-0: Ball 3-0: Called Strike 3-1: Base on Balls
|
|
Batting: SHB Danny Gelinas
|
0-0: Swinging Strike 0-1: Ball 1-1: Foul Ball, location: 2F 1-2: Ball 2-2: Strikes out looking
|
| Bottom of the 10th over - 0 runs, 0 hits, 0 errors, 1 left on base; Kannapolis 3 - Burlington 2 |
|